 Dungeon Crawl Stone Soup version 0.22.0-38-g04b72b8 (webtiles) character file.

113 Loudmushroom the Chopper (level 4, 0/41 HPs)
             Began as a Hill Orc Fighter on Aug 26, 2018.
             Killed from afar by an orc wizard (3 damage)
             ... with a magic dart
             ... on level 3 of the Dungeon.
             The game lasted 00:06:58 (2138 turns).

Loudmushroom the Chopper (Hill Orc Fighter)         Turns: 2138, Time: 00:06:59

Health: 0/41       AC:  7    Str: 18    XL:     4   Next: 96%
Magic:  4/4        EV:  7    Int:  8    God:
Gold:   79         SH:  9    Dex: 11    Spells: 3/3 levels left

rFire    . . .     SeeInvis .   a - +0 war axe
rCold    . . .     Gourm    .   c - +0 shield
rNeg     . . .     Faith    .   b - +0 scale mail
rPois    .         Spirit   .   (no helmet)
rElec    .         Reflect  .   (no cloak)
rCorr    .         Harm     .   (no gloves)
MR       .....                  (no boots)
Stlth    ..........             (no amulet)
HPRegen  0.13/turn              (no ring)
MPRegen  0.09/turn              (no ring)

@: no status effects
A: no striking features
a: no special abilities


You were on level 3 of the Dungeon.
You were not hungry.

You visited 1 branch of the dungeon, and saw 3 of its levels.

You collected 79 gold pieces.

Inventory:

Hand Weapons
 a - a +0 war axe (weapon)
Missiles
 e - 41 stones (quivered)
 j - 19 bolts
 p - 30 poisoned needles
Armour
 b - a +0 scale mail (worn)
 c - a +0 shield (worn)
Jewellery
 r - a +4 amulet of reflection {unknown}
Wands
 n - a wand of flame (25)
 o - a wand of polymorph (17)
Scrolls
 i - 4 scrolls of blinking {unknown}
 l - 3 scrolls of remove curse {unknown}
 m - a scroll of enchant armour {unknown}
Potions
 d - a potion of might
 h - a potion of curing {unknown}
 k - a potion of haste {unknown}
 q - 2 potions of agility {unknown}
Comestibles
 f - 4 rations
 g - 4 chunks of flesh


   Skills:
 + Level 4.4 Fighting
 * Level 4.5 Axes
 + Level 3.9 Armour
 + Level 3.8 Shields
 + Level 0.6 Evocations


You had 3 spell levels left.
You didn't know any spells.
Your spell library was empty.

Dungeon Overview and Level Annotations

Branches:
Dungeon (3/15)

Altars:


Message History

The kobold hits you but does no damage.
The jackal bites you but does no damage.
You block the orc's attack. You block the giant cockroach's attack.
The rat bites you but does no damage.
Your shield prevents you from hitting the giant cockroach.
The giant cockroach is heavily wounded.
You slash the rat!
You kill the rat!
You closely miss the jackal. You slash the kobold!
You kill the kobold!
You slash the orc!
You kill the orc!
The orc wizard casts a spell at you. The magic dart hits you!
* * * LOW HITPOINT WARNING * * *
The jackal bites you but does no damage.
You block the giant cockroach's attack. The jackal barely misses you.
The orc wizard points at you and mumbles some strange words.
The magic dart hits you!
You die...

.....o.........
......(................
........................
........................
..................(.....
.......o................
......).................
......s@)............>..
......†h††(.((..........
........................
........................
........................
........................
........................
........................
........................


You could see an orc wizard, an orc, a jackal and a giant cockroach.

Vanquished Creatures
  Terence (D:2)
  2 adders (D:2)
  A worm (D:3)
  A dart slug (D:1)
  2 leopard geckos (D:1)
  2 orcs (D:3)
  A ball python (D:1)
  A giant cockroach (D:1)
  4 goblins
  6 hobgoblins
  8 jackals
  11 kobolds
  A quokka (D:2)
  2 bats
  6 frilled lizards
  13 rats
62 creatures vanquished.

Notes
Turn   | Place    | Note
-------+----------+-------------------------------------------
     0 | D:1      | Loudmushroom the Hill Orc Fighter began the quest for the Orb.
     0 | D:1      | Reached XP level 1. HP: 19/19 MP: 1/1
   144 | D:1      | Reached XP level 2. HP: 27/27 MP: 2/2
   664 | D:1      | Reached XP level 3. HP: 33/33 MP: 3/3
   981 | D:2      | Noticed Terence
   992 | D:2      | Killed Terence
   995 | D:2      | Reached XP level 4. HP: 29/40 MP: 4/4
  2138 | D:3      | Killed from afar by an orc wizard

Skill      XL: |  1  2  3 |
---------------+----------+-----
Axes           | 3 4 |  4.5
Fighting       | 4 |  4.4
Armour         | |  3.9
Shields        | |  3.8
Evocations     | |  0.6

Action                   |  1- 3 |  4- 6 || total
-------------------------+-------+-------++-------
Melee: War axe           |    80 |    92 ||   172
  Eat: Chunk             |       |     4 ||     4
Armor: Scale mail        |    32 |    47 ||    79
Dodge: Dodged            |    25 |    46 ||    71
Block: Shield            |    40 |    55 ||    95
